Cogmind - Beta 16 @@@ ROGUE MODE // 2025.11.30 @ 21:34:09 Player: lvl5hm Result: Destroyed by S-10 Pest with Light Assault Rifle Performance ------------- Evolutions (0) 0 Regions Visited (2) 400 Robots Destroyed (30) 150 Value Destroyed (626) 626 Prototype IDs (0) 0 Alien Tech Used (0) 0 Bonus (0) 0 TOTAL SCORE: 1176 Bonus ------- None Cogmind --------- Core Integrity 0/250 Matter 300/300 Energy 250/250 System Corruption 6% Temperature Cool (20) Movement Treading (250) Ox1 Location -10/Subcaves Parts ------- > --- POWER (1) -------- Ion Engine > --- PROPULSION (2) --- Improved Treads Spiked Treads > --- UTILITY (2) ------ High-capacity Storage Unit Makeshift Light Armor Plating > --- WEAPON (2) ------- Subdweller Beam Cannon Barrage Gun > --- INVENTORY (20) --- Light Treads Light Treads Improved Treads Improved Treads Large Storage Unit Large Matter Pod (150) Seismic Detector Makeshift Light Armor Plating V3-11A's Pendant EM Shotgun Subdweller Laser Assault Rifle Subdweller Machine Gun Subdweller Machine Gun Subdweller Machine Gun Grenade Launcher Multitool Heavy Hammer Peak State ------------ > --- POWER ------------ Ion Engine > --- PROPULSION ------- Improved Treads Spiked Treads > --- UTILITY ---------- High-capacity Storage Unit Makeshift Light Armor Plating > --- WEAPON ----------- Subdweller Beam Cannon Barrage Gun > --- INVENTORY -------- Light Treads Light Treads Improved Treads Improved Treads Large Storage Unit Large Matter Pod Seismic Detector Makeshift Light Armor Plating V3-11A's Pendant EM Shotgun Subdweller Laser Assault Rifle Subdweller Machine Gun Subdweller Machine Gun Subdweller Machine Gun Grenade Launcher Multitool Heavy Hammer [Rating: 18] Favorites ----------- Power Ion Engine Engine Ion Engine Propulsion Improved Treads Treads Improved Treads Utility High-capacity Storage Unit Storage High-capacity Storage Unit Protection Makeshift Light Armor Plating Weapon EM Shotgun Energy Gun EM Shotgun Energy Cannon Subdweller Beam Cannon Ballistic Gun Assault Rifle Launcher Grenade Launcher Impact Weapon Heavy Hammer Build | -11 -10 -10 ------- Run | Yrd Mat Sub Slots Evolved . | . . . Power . | . . . Propulsion . | . . . Utility . | . . . Weapon . | . . . Parts Attached 22 | 6 9 7 Power 2 | 1 . 1 Engine 2 | 1 . 1 Core . | . . . Reactor . | . . . Propulsion 5 | 2 2 1 Treads 5 | 2 2 1 Leg . | . . . Wheel . | . . . Hover . | . . . Flight . | . . . Utility 6 | 1 3 2 Device . | . . . Storage 3 | 1 2 . Processor . | . . . Hackware . | . . . Protection 3 | . 1 2 Artifact . | . . . Weapon 9 | 2 4 3 Energy Gun 4 | 1 2 1 Energy Cannon 1 | . . 1 Ballistic Gun 2 | 1 . 1 Ballistic Cannon . | . . . Launcher 1 | . 1 . Special Weapon . | . . . Impact Weapon 1 | . 1 . Slashing Weapon . | . . . Piercing Weapon . | . . . Special Melee Weapon . | . . . Unidentified Prototypes . | . . . Corrupted Parts 1 | . . 1 System Corruption 6 | . . 6 Parts Lost 3 | . . 3 Power 1 | . . 1 Propulsion . | . . . Utility . | . . . Weapon 2 | . . 2 Highest Loss Streak 1 | . . 1 To Critical Strikes . | . . . Average Backups 13 | . 9 15 Power . | . . . Propulsion 3 | . 3 4 Utility 3 | . 2 3 Weapon 6 | . 3 7 Tool/Special . | . . . Unused Backups 19 | . 7 12 Power . | . . . Propulsion 6 | . 3 3 Utility 7 | . 3 4 Weapon 5 | . 1 4 Tool/Special 1 | . . 1 Average Slot Usage (%) 93 | . 98 92 Engine 11 | . 14 11 Treads 28 | . 28 28 Storage 14 | . 14 14 Protection 13 | . 12 14 Energy Gun 14 | . 24 11 Energy Cannon 6 | . . 9 Ballistic Gun 1 | . 2 . Impact Weapon 1 | . 1 1 Peak Build Rating 18 | 6 12 18 Average Rating 13 | 5 11 15 On Entrance 6 | . 6 12 Avg Prop Armor Cover (%) . | . . . Naked Turns . | . . . Heaviest Build 60 | 14 52 60 Greatest Support 46 | 40 46 46 Greatest Overweight (x) 1 | . 1 1 Average Overweight (x) . | . . 1 Largest Inventory Capacity 20 | 8 20 20 Average Capacity 18 | 7 14 20 Most Carried 18 | 2 11 18 Average Carried 13 | . 9 15 Final Capacity 20 | 8 20 20 Final Carried 18 | 2 11 18 Class Distribution -------------------- 100% | Mutant Dominant Class ---------------- Mutant | -10/Materials Mutant | -10/Subcaves Resources | -11 -10 -10 ----------- Run | Yrd Mat Sub Matter Collected 848 | 302 250 296 Remotely . | . . . Salvage Created 1079 | 169 377 533 Parts 74 | 16 20 38 Haulers Intercepted . | . . . Recyclers Shooed . | . . . Parts Field Recycled . | . . . Retrieved Matter . | . . . Parts Self-Destructed 15 | . . 15 Prevented . | . . . Parts Restored . | . . . Kills | -11 -10 -10 ------- Run | Yrd Mat Sub Combat Hostiles Destroyed 22 | . 10 12 Guns 11 | . 10 1 Cannons 9 | . . 9 AOE 2 | . . 2 Classes Destroyed 8 | 2 4 2 Worker 1 | . 1 . Tunneler 4 | 4 . . Recycler 2 | 1 1 . Watcher 1 | . 1 . Swarmer 11 | . 6 5 Grunt 4 | . 4 . Artisan 1 | . . 1 Subdweller 7 | . . 7 Best Kill Streak 6 | 5 6 3 Combat Bots Only 6 | . 6 3 Max Kills in Single Turn 2 | 1 1 2 Gunslinging . | . . . Exploded 2 | . . 2 Melee . | . . . Uniques/NPCs Destroyed . | . . . Combat | -11 -10 -10 -------- Run | Yrd Mat Sub Hostile Shots Fired 98 | . 45 53 Missed 33 | . 15 18 Hits 65 | . 30 35 Projectile 65 | . 30 35 AOE 5 | . . 5 Critical Strikes 1 | . 1 . Damage Taken 1132 | . 374 758 Core 250 | . 107 143 Absorbed by Shields . | . . . Redirected to Shielding 24 | . 24 . Regen/Repaired (Parts) 1 | . 1 . Core Remaining (%) 100 | 100 . . Volleys Fired 85 | 14 25 46 Largest 2 | 1 2 2 Hottest 125 | 20 90 125 Shots Fired 125 | 14 49 62 Gun 92 | 14 48 30 Cannon 32 | . . 32 Launcher 1 | . 1 . Special . | . . . Kinetic 14 | 14 . . Thermal 32 | . . 32 Explosive 1 | . 1 . Electromagnetic 78 | . 48 30 Robot Hit Streak 25 | 5 8 25 Robot Miss Streak 10 | 1 10 3 Penetration Max . | . . . Secondary Targets 1 | . 1 . Max Gunslinging Chain 1 | . 1 . Shots Hit Robots 90 | 11 31 48 Core Hits 57 | 6 25 26 Critical Kills . | . . . Critical Parts Destroyed . | . . . Critical Strikes . | . . . Melee Attacks 13 | . 1 12 Impact 13 | . 1 12 Slashing . | . . . Piercing . | . . . Sneak Attacks . | . . . Combat Hostiles . | . . . Follow-up Attacks . | . . . Damage Inflicted 1661 | 141 496 1024 Guns 925 | 141 441 343 Cannons 623 | . . 623 Explosions 113 | . 55 58 Melee . | . . . Ramming . | . . . Kinetic 141 | 141 . . Thermal 681 | . . 681 Explosive 55 | . 55 . Electromagnetic 784 | . 441 343 Impact . | . . . Slashing . | . . . Piercing . | . . . Highest Corruption 6 | . . 6 Average Corruption 6 | . . 6 Corruption Purged . | . . . Corruption Blocked . | . . . Effects 57 | . . 57 Message Errors 16 | . . 16 Matter Fused 20 | . . 20 Heat Flow Errors 6 | . . 6 Energy Discharges 7 | . . 7 Data Loss (minor) 6 | . . 6 Data Loss (major) 1 | . . 1 Alerts 1 | . . 1 Overload Shots . | . . . Overflow Damage 13 | . . 13 Projectiles 13 | . . 13 Explosions . | . . . Melee . | . . . Knockbacks . | . . . Impact . | . . . Kinetic . | . . . Secondary . | . . . Self-Inflicted Damage 82 | . 82 . Shots 1 | . 1 . Rammed . | . . . Targets Rammed . | . . . Kicked . | . . . Crushed . | . . . Highest Temperature 258 | . 258 254 Average Temperature 78 | . 88 66 Received Heat Transfer 162 | . 96 66 Siege Activations . | . . . Martial Activations . | . . . Shielding Activations . | . . . Robots Disrupted . | . . . Combat Hostiles . | . . . Robots Corrupted 1 | . . 1 Combat Hostiles 1 | . . 1 Parts Fried 4 | . 3 1 Impact Corruptions . | . . . Robots Melted . | . . . Combat Hostiles . | . . . Parts Melted 2 | . . 2 Heat Transferred 851 | . . 851 Parts Sabotaged . | . . . Parts Stolen . | . . . Parts Stripped . | . . . Power Chain Reactions 1 | . . 1 Alert | -11 -10 -10 ------- Run | Yrd Mat Sub Maximum Alert Level 1 | . 1 . Low Security (%) 97 | 100 97 . Level 1 2 | . 2 . Level 2 . | . . . Level 3 . | . . . Level 4 . | . . . Level 5 . | . . . High Security . | . . . Max Security . | . . . Peak Influence 210 | 15 210 . Initial . | . . . Average 64 | 3 73 . Influence Increases 545 | 25 350 170 Destroy 0b10 Robot/C 300 | . 200 100 Destroy 0b10 Robot/NC 40 | 25 15 . Destroy Leader 52 | . 42 10 Successful Hack 22 | . 22 . Disable Machine 45 | . 45 . Destroy Structure 26 | . 26 . Lose Combat Pursuer 60 | . . 60 Influence Decreases 447 | 25 241 181 Entered New Map 53 | . . 53 Time Decay 384 | 25 231 128 Lost Ally 10 | . 10 . Squads Dispatched 1 | . 1 . Investigation . | . . . Extermination . | . . . Reinforcement 1 | . 1 . Assault . | . . . Garrison . | . . . Intercept . | . . . Searches Triggered . | . . . Construction Impeded . | . . . Haulers Reinforced . | . . . Active Scanning Responses . | . . . Cargo Convoy Interrupts . | . . . Stealth | -11 -10 -10 --------- Run | Yrd Mat Sub Distress Signals 1 | . 1 . Communications Jammed . | . . . Distress Signals . | . . . Times Spotted 34 | . 17 17 Peak Tracking Total 5 | . 5 4 Tactical Retreats 2 | . . 2 Traps | -11 -10 -10 ------- Run | Yrd Mat Sub Traps Triggered 2 | . . 2 Indirectly . | . . . Trap Hack Attempts . | . . . Triggered . | . . . Disarmed . | . . . Reprogrammed . | . . . Reused . | . . . Traps Extracted . | . . . Installed . | . . . Triggered . | . . . Machines | -11 -10 -10 ---------- Run | Yrd Mat Sub Machines Disabled 3 | . 3 . Max in Single Turn 3 | . 3 . Machines Repaired . | . . . Machines Dismantled . | . . . Machines Sabotaged . | . . . Overloaded Fab Kills . | . . . Hacking | -11 -10 -10 --------- Run | Yrd Mat Sub Machines Accessed 4 | . 4 . Terminals 3 | . 3 . Fabricators . | . . . Repair Stations 1 | . 1 . Recycling Units . | . . . Scanalyzers . | . . . Garrison Access . | . . . Total Hacks 12 | . 12 . Successful 7 | . 7 . Failed 5 | . 5 . Catastrophic . | . . . Database Lockouts . | . . . Manual 10 | . 10 . Terminals 10 | . 10 . Fabricators . | . . . Repair Stations 2 | . 2 . Recycling Units . | . . . Scanalyzers . | . . . Garrison Access . | . . . Terminal Hacks 2 | . 2 . Part Schematic 2 | . 2 . Fabricator Hacks . | . . . Repair Station Hacks 2 | . 2 . Scan Component 1 | . 1 . Repair 1 | . 1 . Recycling Unit Hacks . | . . . Scanalyzer . | . . . Garrison Access Hacks . | . . . Unauthorized Hacks 3 | . 3 . Terminals 3 | . 3 . Assimilate 1 | . 1 . Botnet 2 | . 2 . Fabricators . | . . . Repair Stations . | . . . Recycling Units . | . . . Scanalyzers . | . . . Garrison Access . | . . . Data Cores Recovered . | . . . Used . | . . . Hacking Detections 2 | . 2 . Full Trace Events . | . . . Feedback Events . | . . . Feedback Blocked . | . . . Robot Schematics Acquired . | . . . Robots Built . | . . . Authchips . | . . . Time . | . . . Total Robot Build Rating . | . . . Part Schematics Acquired 2 | . 2 . Parts Built . | . . . Authchips . | . . . Time . | . . . Total Part Build Rating . | . . . Part Studies Acquired . | . . . Parts Repaired 1 | . 1 . Time 26 | . 26 . Parts Recycled . | . . . Recycled Matter . | . . . Retrieved Matter . | . . . Retrieved Components . | . . . Parts Scanalyzed . | . . . Part Schematics Acquired . | . . . Parts Damaged . | . . . Bothacking | -11 -10 -10 ------------ Run | Yrd Mat Sub Used RIF Installer . | . . . Robots Hacked . | . . . Non-combat . | . . . Combat . | . . . Robot Hacks Applied . | . . . Relay Couplers Released . | . . . Fabnet Peak Effective % . | . . . Robots Rewired . | . . . Allies Hacked . | . . . Hacks Repelled . | . . . Allies | -11 -10 -10 -------- Run | Yrd Mat Sub Total Allies 1 | . 1 . Largest Group 1 | . 1 . Highest-Rated Group 10 | . 10 . Highest-Rated Ally 10 | . 10 . Total Orders . | . . . Ally Attacks . | . . . Total Damage . | . . . Kills . | . . . Allies Corrupted . | . . . Allies Melted . | . . . Intel | -11 -10 -10 ------- Run | Yrd Mat Sub Active Infowar (turns) . | . . . Robot Analysis Total . | . . . Derelict Logs Recovered 1 | . . 1 Drone Launches . | . . . Drone Recoveries . | . . . Exploration | -11 -10 -10 ------------- Run | Yrd Mat Sub Turns Passed 4463 | 154 1089 3220 Spaces Moved 1740 | 79 499 1162 Core 11 | 11 . . Treads 1729 | 68 499 1162 Legs . | . . . Wheels . | . . . Hover . | . . . Flight . | . . . Fastest Speed 50 | 50 160 240 Average Speed 224 | 144 188 245 Slowest Speed 250 | 160 240 250 Overloaded Moves . | . . . Propulsion Burnouts . | . . . Robots Hopped . | . . . Potential Cave-ins . | . . . Cave-ins Triggered . | . . . Exploration Rate (%) 49 | 5 76 68 Regions Visited 2 Branch Regions 1 Pre-discovered Areas . | . . . Known Exits Taken . | . . . Unknown Exits Taken 2 | 1 1 . Scrap Searched 7 | . . 7 Spaces Dug 9 | . 9 . Terrain Destroyed 32 | . 23 9 Melee 1 | . 1 . Projectile 3 | . . 3 AOE 28 | . 22 6 Terrain Rammed . | . . . Walls Destroyed . | . . . Machines Disabled . | . . . Actions | -11 -10 -10 --------- Run | Yrd Mat Sub Total 2153 | 102 608 1443 Wait 246 | 2 43 201 Move 1738 | 78 498 1162 Hop . | . . . Pick Up 27 | 2 18 7 Fast Attach 9 | 6 1 2 Attach 2 | . 1 1 Detach 1 | . 1 . Swap 19 | . 8 11 Drop 13 | . 12 1 Fire 85 | 14 25 46 Melee 13 | . 1 12 Ram . | . . . Kick . | . . . Crush . | . . . Escape Stasis . | . . . Rewire . | . . . Trap . | . . . Miscellaneous . | . . . Route ------- -11/Scrapyard -10/Materials (discovered 4 exits: [*Mat x2] / [*Min] / [*Sub]) -10/Subcaves (discovered 2 exits: [*Mat] / [*Rec]) History --------- Turn | Location | Event 2 | -11/Scrapyard | Met Revision 17 16 | -11/Scrapyard | Discovered new exit (range 15) 155 | -11/Scrapyard | Entered Materials 307 | -10/Materials | Build established: Mutant 423 | -10/Materials | Discovered new exit (range 13) 605 | -10/Materials | Repaired Seismic Detector 609 | -10/Materials | Discovered new exit (range 3) 1057 | -10/Materials | Discovered new exit (range 8) 1217 | -10/Materials | Discovered new exit (range 12) 1244 | -10/Materials | Entered Subcaves 1245 | -10/Subcaves | Approached by a straggling Scientist 1438 | -10/Subcaves | Learned 2 Materials zone layouts 1478 | -10/Subcaves | Core integrity fell below 50% 1980 | -10/Subcaves | Shifting Twisted Machinery released Battle Rifle 1986 | -10/Subcaves | Shifting Twisted Machinery released Shrapnel Trap 2303 | -10/Subcaves | Shifting Twisted Machinery released Sub. Laser 2303 | -10/Subcaves | Shifting Twisted Machinery released Enh. Flamer 2303 | -10/Subcaves | Shifting Twisted Machinery released Barrage Gun 2487 | -10/Subcaves | Discovered new exit (range 14) 2719 | -10/Subcaves | Shifting Twisted Machinery released Spk. Treads 3265 | -10/Subcaves | Disturbed a concealed Subdweller 3273 | -10/Subcaves | Core integrity fell below 20% 3276 | -10/Subcaves | Ambushed by Subdweller buried in earth 4013 | -10/Subcaves | A swath of the cavern ceiling suddenly collapsed 4090 | -10/Subcaves | Visited triangular shrine 4105 | -10/Subcaves | Found Prototype Device 4455 | -10/Subcaves | Discovered new exit (range 10) 4464 | -10/Subcaves | Destroyed by S-10 Pest with Light Assault Rifle Last Messages --------------- 04241_ System corrupted: Substantial component data lost. 04246_ 9S-22T(u) tweaks Twisted Machinery. 04263_ System corrupted: Matter fused (-9). 04269_ Acquired Ion Engine. 04282_ GAOL4=MKEKB4O%G| 04295_ Acquired 19 matter. 04300_ Acquired Barrage Gun. 04302_ Acquired 10 matter. 04312_ VPECAQU82S1J5RO1G:A9D 04328_ System corrupted: Energy discharge (-52). 04399_ W #DN/CFCFW941LMS>UW/HSK2B7RM2B R48<4DK 04422_ System corrupted: Heat flow error (+164). 04439_ S-10 Pest destroyed. 04445_ Lgt. Assault Rifle fries itself beyond repair. 04453_ Flight Unit fries itself beyond repair. 04455_ EXIT=FOUND 04459_ Flight Unit fries itself beyond repair. 04460_ Destroyed Flight Unit. Map ----- +----------------------------------------------------+ | # #### ????????????????? | | #??# ???????????????? | | ## ##??# ????????????????? | | ## ## ##???## ### ?????????????????? | | #### #?????## ##?????????????????????????? | | ???##### #?###### #??????????????????????????? | | ???????##### #??????????????????????????? | | ??????????# #??????????????????????????? | | ??????????# = ##?????????????????????????? | | ??????????#### =% ##?#??????????????????????? | | ?????????????## #; ??????????????????????? | | ??????????????# ## #??????????????????? | | #######??###### ##? ????????????????? | | """ "#### #??# ?????????????????? | | "" " " "### #???### ??????????????????? | | """ " ## ## #?????? #??????????????????? | | " """ ## #### ##???### ##??????????????????? | | " "##" # #??###???## ########??????????????? | | " #### ## #???????? #?? """#??????????????? | | !""## #" #???##???? ## "#??????????????? | | %"## #??## ???# # "#??????????????? | | [% ## #??# ??## ""##?????????????? | | & "## # " #??# #